 Dungeon Crawl Stone Soup version 0.29.0-13-gc9e81de378 (webtiles) character file.

Game seed: 5601909363949685440

1379 avis the Caller (level 8, -5/34 HPs)
             Began as a Felid Summoner on Sept 6, 2022.
             Engulfed by a steam dragon's steam (13 damage)
             ... on level 7 of the Dungeon on Sept 7, 2022.
             The game lasted 01:03:24 (9762 turns).

avis the Caller (Felid Summoner)                    Turns: 9762, Time: 01:03:25

Health: -5/34      AC:  2    Str: 10    XL:     8   Next: 39%
Magic:  10/17      EV: 23    Int: 18    God:
Gold:   405        SH:  0    Dex: 17    Spells: 5/18 levels left
                                        Lives:  0   Deaths: 2

rFire   . . .      SeeInvis +   (weapon unavailable)
rCold   . . .      Faith    .   (shield unavailable)
rNeg    . . .      Spirit   .   (body armour unavailable)
rPois   .          Reflect  .   (helmet unavailable)
rElec   .          Harm     .   (cloak unavailable)
rCorr   .          Rampage  .   (gloves unavailable)
Will    +....                   (boots unavailable)
Stlth   ++........              (no amulet)
HPRegen 0.11/turn               k - +4 ring of evasion
MPRegen 0.15/turn               o - +6 ring of strength

@: quick
A: very small, claws 1, fangs 3, see invisible, speed 1, shaggy fur 2, stealthy
paws, no weapons or thrown items, no armour, multi-lived
a: no special abilities


You were on level 7 of the Dungeon.
You visited 2 branches of the dungeon, and saw 8 of its levels.

You collected 405 gold pieces.

Inventory:

Jewellery
 k - a +4 ring of evasion (left paw)
 n - a ring of resist corrosion
 o - a +6 ring of strength (right paw)
 v - a ring of protection from cold
 y - a ring of poison resistance
Wands
 f - a wand of iceblast (10)
 m - a wand of flame (14)
 q - a wand of quicksilver (9)
Scrolls
 b - 3 scrolls of teleportation
 d - 3 scrolls of butterflies
 e - a scroll of fear
 l - 3 scrolls of amnesia
 r - 2 scrolls of poison {unknown}
 s - 2 scrolls of acquirement {unknown}
 w - 2 scrolls of enchant armour {unknown}
 x - a scroll of vulnerability {unknown}
 A - a scroll of enchant weapon {unknown}
 B - a scroll of noise {unknown}
Potions
 a - a potion of magic
 c - a potion of cancellation
 g - 2 potions of might
 h - 3 potions of flight
 i - 2 potions of brilliance
 j - a potion of attraction
 p - 2 potions of degeneration
 t - a potion of lignification
 u - a potion of curing {unknown}
 z - a potion of heal wounds


   Skills:
 + Level 3.2 Fighting
 + Level 5.3 Dodging
 - Level 3.0 Stealth
 + Level 5.8 Spellcasting
 - Level 5.0 Hexes
 + Level 6.4 Summonings
 * Level 4.7 Air Magic


You had 5 spell levels left.
You knew the following spells:

 Your Spells              Type           Power      Damage    Failure   Level
a - Summon Small Mammal   Summ           100%       N/A       1%          1
c - Call Imp              Summ           28%        N/A       1%          2
d - Call Canine Familiar  Summ           28%        N/A       2%          3
g - Summon Guardian Gole  Hex/Summ       25%        N/A       3%          3
l - Summon Lightning Spi  Summ/Air       25%        N/A       12%         4

Your spell library contained the following spells:

 Spells                   Type           Power      Damage    Failure   Level
 Apportation              Tloc           10%        N/A       12%         1
 Alistair's Intoxication  Tmut/Pois      3%         N/A       98%         5


Dungeon Overview and Level Annotations

Branches:
Dungeon (7/15)             Temple (1/1) D:4

Altars:
Ashenzari
Dithmenos
Fedhas
Nemelex Xobeh
Okawaru
Qazlal
Ru
Trog
Uskayaw
Wu Jian
Xom
Zin

Shops:
D:3 [


Innate Abilities, Weirdness & Mutations

You have sharp claws.
You have razor-sharp teeth.
You have supernaturally acute eyesight. (SInv)
You cover ground quickly. (Speed+)
You are covered in thick fur. (AC +2)
Your paws help you pounce on unaware monsters.
You are incapable of wielding weapons or throwing items.
You cannot wear armour.
You gain extra lives every three experience levels.


Message History

Aim: a steam dragon (ally target) Attack!
The kobold brigand throws a poisoned dart.
The poisoned dart completely misses you.
A kobold comes into view. It is wielding a +0 dagger.
The steam dragon breathes steam at you. The ball of steam hits your hound!!
Your hound dies!
Your hound's corpse disappears in a puff of smoke!
The ball of steam hits your guardian golem.
Your guardian golem resists.
The ball of steam misses you.
Your guardian golem overheats!
A stone appears from out of your range of vision.
The stone hits your guardian golem but does no damage.
There is a stone staircase leading up here.
Casting: Call Canine Familiar (dangerous; 2% risk of failure)
Confirm with . or Enter, or press ? or * to list all spells.
The kobold is engulfed in a cloud of scalding steam.
The kobold dies!
What are your orders? t - Meow!
Orders for allies: a - Attack new target. p - Attack previous target. r - Retreat! s - Stop attacking. g - Guard the area. f - Follow me.
Anything else - Cancel.
Gang up on whom?
Press: ? - help, Dir - move target, f/p - steam dragon
Aim: a steam dragon (ally target) Attack!
The steam dragon breathes steam at you. The ball of steam hits you!
* * * LOW HITPOINT WARNING * * *
The kobold throws a stone.
The stone closely misses you.
The kobold brigand throws a poisoned dart.
The poisoned dart hits your guardian golem!
Your hound bites the steam dragon.
You hear a shout!
You are engulfed in a cloud of scalding steam.
You die...

.# ..# ##### #####
..##
###...###...###....
#...§....h.........
#....§§@§D9.)......
#..§......K...K....
#...####.##..###K.#
#... #+##§.# .# #..
..... K #..
........ #.
........... #.
..#######/.. #:.
...


You could see a steam dragon (catching breath, ally target), a kobold brigand, a
kobold, a friendly guardian golem (summoned, inner flame) and a friendly hound
(summoned, sheltered).

Vanquished Creatures
  An orc (D:4)
  2 bats (D:1)
  An endoplasm (D:2)
  2 hobgoblins
  A kobold (D:1)
  2 ball pythons
9 creatures vanquished.

Vanquished Creatures (collateral kills)
  Menkaure (D:6)
  A sky beast (D:6)
  2 ogres (D:5)
  A bullfrog (D:6)
  Blork the orc (D:4)
  A necrophage (D:6)
  A scorpion (D:3)
  A nameless horror (D:5)
  3 hounds
  A jelly (D:5)
  Crazy Yiuf (D:3)
  Natasha (thrice) (D:3)
  An orc wizard (D:6)
  7 adders
  2 gnolls (D:6)
  A shadow imp (D:5)
  An ufetubus (D:5)
  A worm (D:2)
  A dart slug (D:1)
  15 orcs
  6 bats
  6 endoplasms
  2 giant cockroaches
  16 goblins
  11 hobgoblins
  4 quokkas
  3 ball pythons
  4 frilled lizards
  11 kobolds
  A rat (D:2)
110 creatures vanquished.

Vanquished Creatures (others)
  Grinder (D:6)
  Eustachio (D:6)
  An ogre (D:6)
  A centaur (D:5)
  3 wights (D:5)
  A jelly (D:6)
  Ijyb (D:3)
  An ufetubus (D:4)
  A kobold (D:7)
  A fungus (D:3)
12 creatures vanquished.

Grand Total: 131 creatures vanquished

Notes
Turn   | Place    | Note
-------+----------+-------------------------------------------
     0 | D:1      | avis the Felid Summoner began the quest for the Orb.
     0 | D:1      | Reached XP level 1. HP: 7/7 MP: 4/4
   153 | D:1      | Found a faded altar of an unknown god.
   218 | D:1      | Reached XP level 2. HP: 11/11 MP: 4/6
   221 | D:1      | Learned a level 2 spell: Call Imp
  1302 | D:2      | Reached XP level 3. HP: 14/14 MP: 2/8
  1306 | D:2      | Learned a level 3 spell: Call Canine Familiar
  2104 | D:2      | Reached XP level 4. HP: 18/18 MP: 4/10
  2390 | D:2      | Found a shadowy altar of Dithmenos.
  2631 | D:2      | Learned a level 3 spell: Summon Guardian Golem
  2805 | D:3      | Noticed Natasha
  2815 | D:3      | Killed Natasha
  2884 | D:3      | Found a sparkling altar of Nemelex Xobeh.
  2905 | D:3      | Reached skill level 1 in Hexes
  2963 | D:3      | Noticed a scorpion
  2982 | D:3      | Killed a scorpion
  2983 | D:3      | Reached XP level 5. HP: 2/21 MP: 1/12
  2983 | D:3      | HP: 1/21 [poisoned by a scorpion]
  3185 | D:3      | Noticed Ijyb
  3297 | D:3      | Found a sacrificial altar of Ru.
  3398 | D:3      | Found a runed translucent door.
  3405 | D:3      | Noticed Crazy Yiuf
  3432 | D:3      | Killed Crazy Yiuf
  3433 | D:3      | Reached skill level 5 in Summonings
  3571 | D:3      | Noticed Natasha
  3583 | D:3      | Killed Natasha
  3624 | D:3      | Killed from afar by Ijyb
  3625 | D:3      | Reached XP level 4. HP: -4/18 MP: 0/11
  3635 | D:3      | Killed Ijyb
  3651 | D:3      | Reached XP level 5. HP: 5/21 MP: 3/12
  3676 | D:3      | Noticed Natasha
  3889 | D:3      | Killed Natasha
  4047 | D:3      | Found Puca Look's Antique Armour Boutique.
  4090 | D:3      | Learned a level 4 spell: Summon Lightning Spire
  4484 | D:4      | Found a staircase to the Ecumenical Temple.
  4495 | Temple   | Entered the Ecumenical Temple
  4986 | D:4      | Noticed Blork the orc
  5005 | D:4      | Killed Blork the orc
  5362 | D:5      | Entered Level 5 of the Dungeon
  5520 | D:5      | Noticed an ogre
  5528 | D:5      | Killed an ogre
  5529 | D:5      | Reached skill level 1 in Air Magic
  5529 | D:5      | Gained mutation: You are covered in thick fur. (AC +2)
                  | [Felid growth]
  5529 | D:5      | Reached XP level 6. HP: 8/25 MP: 9/14
  5959 | D:5      | Found a bloodstained altar of Trog.
  5984 | D:5      | Reached skill level 5 in Spellcasting
  6007 | D:5      | Reached skill level 1 in Fighting
  6066 | D:5      | Reached XP level 7. HP: 28/28 MP: 5/15
  6199 | D:5      | Identified the +2 whip of Dullness {vorpal, Drain +Blink
                  | Str-2 Dex+8}
  6200 | D:5      | Upgraded the game from 0.29.0-11-gd7f09526c8 to
                  | 0.29.0-13-gc9e81de378
  6434 | D:5      | Killed by an exploding themself... ignited by their inner
                  | flame
  6435 | D:5      | Reached XP level 6. HP: -15/25 MP: 9/14
  7198 | D:6      | Found a glowing silver altar of Zin.
  7237 | D:6      | Found a broken altar of Ashenzari.
  7692 | D:6      | Reached XP level 7. HP: 29/29 MP: 10/15
  7718 | D:6      | Reached skill level 5 in Hexes
  7919 | D:6      | Noticed Eustachio
  7941 | D:6      | Killed Eustachio
  7942 | D:6      | Reached skill level 6 in Summonings
  8053 | D:6      | Noticed Menkaure
  8065 | D:6      | Killed Menkaure
  8538 | D:6      | Reached XP level 8. HP: 34/34 MP: 12/17
  8631 | D:6      | Noticed Grinder
  8723 | D:6      | Killed Grinder
  8724 | D:6      | Reached skill level 5 in Dodging
  9762 | D:7      | Engulfed by a steam dragon's steam

Illustrated notes

Levels and vault maps discovered:
D:1:      grunt_arrival_crossed_arrows, layout_basic,
          ebering_ecumenical_altar_petrified, minmay_tetromino_s2
D:2:      layout_rooms, basic_altar, serial_aquarium, aquarium_bridge_square
          [aquarium_subvault_wall, aquarium_subvault_bridge,
          aquarium_subvault_wall, aquarium_subvault_wall],
          aquarium_bridge_square [aquarium_subvault_window,
          aquarium_subvault_bridge, aquarium_subvault_window,
          aquarium_subvault_balcony], aquarium_window_2, aquarium_window_corner,
          aquarium_view_2d, minmay_unequal
D:3:      layout_basic, mainiacjoe_overflow_surrounded_room,
          nemelex_diamond_rough_becter, serial_shops,
          nicolae_shop_window_shopping, minmay_starry_boxes, uniq_natasha,
          uniq_crazy_yiuf_cottage, uniq_ijyb
D:4:      layout_gridville, minmay_temple_entry_antechambers, uniq_blork_the_orc
D:5:      layout_basic, mainiacjoe_overflow_catwalk, minmay_crystal_water,
          minmay_curled_crystal, minmay_misc_feat_x, grunt_decor_cap
D:6:      corexii_shantytown, layout_layer_cave, ashenzari_conservatory_becter,
          zin_academy, uniq_menkaure, uniq_grinder, uniq_eustachio
D:7:      layout_gridville, nrook_pool_corridor, hangedman_decor_lopped,
          uniq_joseph
Temple:   hellmonk_temple_beads

Skill      XL: |  1  2  3  4  5  6  7  8 |
---------------+-------------------------+-----
Spellcasting   | 3 4 5 |  5.8
Hexes          | 1 3 4 5 |  5.0
Summonings     | 5 6 |  6.4
Air Magic      | 1 3 4 |  4.7
Dodging        | 4 5 |  5.3
Fighting       | 1 2 3 |  3.2
Stealth        | 3 |  3.0

Action                   |  1- 3 |  4- 6 |  7- 9 || total
-------------------------+-------+-------+-------++-------
Melee: Unarmed           |    40 |     7 |     3 ||    50
       Bite              |     5 |       |       ||     5
 Cast: Summon Small Mamm |    32 |    12 |       ||    44
       Call Imp          |     8 |    21 |     5 ||    34
       Call Canine Famil |     6 |    40 |    16 ||    62
       Summon Guardian G |       |    17 |    15 ||    32
       Summon Lightning  |       |       |     1 ||     1
  Use: Potion            |       |     5 |       ||     5
       Scroll            |       |     8 |       ||     8
 Stab: Sleeping          |     1 |     2 |       ||     3
Armor: Skin              |     9 |     2 |       ||    11
Dodge: Dodged            |    39 |    61 |    13 ||   113
